 Dungeon Crawl Stone Soup version 0.30.1 (webtiles) character file.

Game seed: 7903425628609299302

65 Fodor the Covered (level 3, -8/33 HPs)
             Began as a Minotaur Fighter on July 13, 2023.
             Killed by nerve-wracking pain
             ... invoked by an orc priest
              (9 damage)
             ... on level 3 of the Dungeon.
             The game lasted 00:12:27 (3022 turns).

Fodor the Covered (Minotaur Fighter)                Turns: 3022, Time: 00:12:27

Health: -8/33      AC:  9    Str: 22    XL:     3   Next: 92%
Magic:  11/11      EV:  8    Int:  5    God:
Gold:   105        SH:  4    Dex:  9    Spells: 2/2 levels left

rFire   . . .        a - +0 long sword
rCold   . . .        c - +0 buckler
rNeg    . . .        q - +0 chain mail
rPois   .            (helmet restricted)
rElec   .            (no cloak)
rCorr   .            (no gloves)
SInv    .            (no boots)
Will    +....        (no amulet) Stlth
                     i - ring of willpower
HPRegen 0.25/turn    l - ring of magical power
MPRegen 0.12/turn

%: no passive effects
@: no status effects
A: horns 2, retaliatory headbutt
a: no special abilities


You were on level 3 of the Dungeon.
You visited 1 branch of the dungeon, and saw 3 of its levels.

You collected 105 gold pieces.

Inventory:

Hand Weapons
 a - a +0 long sword (weapon)
Missiles
 b - 5 poisoned darts (quivered)
Armour
 c - a +0 buckler (worn)
 q - a +0 chain mail (worn)
Jewellery
 i - a ring of willpower (left hand)
 l - a ring of magical power (right hand)
Scrolls
 g - 5 scrolls of identify {unknown}
 k - 3 scrolls of teleportation {unknown}
 n - a scroll of fear {unknown}
 o - a scroll of magic mapping {unknown}
 p - 2 scrolls of fog {unknown}
Potions
 d - 2 potions of might
 e - 2 potions of heal wounds {unknown}
 f - 3 potions of curing {unknown}
 h - a potion of haste {unknown}
 j - 2 potions of mutation {unknown}
 m - a potion of attraction {unknown}
 r - a potion of invisibility {unknown}


   Skills:
 + Level 3.9 Fighting
 + Level 2.8 Long Blades
 + Level 4.7 Armour
 + Level 0.4 Dodging
 + Level 4.3 Shields


You had 2 spell levels left.
You didn't know any spells.
Your spell library contained the following spells:

 Spells                   Type           Power      Damage    Failure   Level
 Hailstorm                Conj/Ice       0%         3d3       100%        3
 Ice Form                 Ice/Tmut       0%         N/A       100%        4
 Simulacrum               Ice/Necr       0%         N/A       100%        6


Dungeon Overview and Level Annotations

Branches:
Dungeon (3/15)

Altars:


Innate Abilities, Weirdness & Mutations

You have a pair of horns on your head.
You reflexively headbutt those who attack you in melee.


Message History

You block the orc's attack.
You barely miss the orc.
The orc is almost dead.
The orc hits you but does no damage.
You closely miss the orc. You headbutt the orc.
You kill the orc!
You closely miss the orc.
The orc priest looks satisfied for a moment.
You closely miss the orc. The orc misses you.
You hit the orc. Your headbutt misses the orc.
The orc is moderately wounded.
You block the orc's attack. The orc barely misses you.
You hit the orc.
The orc is heavily wounded.
The orc hits you but does no damage.
You barely miss the orc.
The orc is heavily wounded.
The orc priest calls upon Beogh to heal the orc.
The orc's wounds heal themselves!
The orc completely misses you. You furiously retaliate!
You headbutt the orc!
You kill the orc!
You block the orc priest's attack.
The orc priest hits you but does no damage.
Items here: ! ( )) ? †.
You hit the orc priest but do no damage.
The orc priest hits you with a +0 flail.
The orc priest closely misses you. You furiously retaliate!
You headbutt the orc priest!
The orc priest looks encouraged for a moment.
The orc priest hits you with a +0 mace.
You hit the orc priest but do no damage.
The orc priest hits you but does no damage.
The orc priest calls down the wrath of Beogh upon you.
Beogh smites you!
* * * LOW HITPOINT WARNING * * *
You slash the orc priest!
The orc priest is heavily wounded.
The orc priest mumbles some strange prayers to Beogh against you.
Pain shoots through your body!
You die...

~.~...~.....~~
####....#..#..
##....<...#
#....#########
#..<>........#
############.#
#### #.# ...#
## #.# ##.#
#.#..#@# #.#
#....oo# #.#
......### #.#
#####. #.# #
#.# #.# ##.#
...#


You could see 2 orc priests.

Vanquished Creatures
  2 adders (D:2)
  2 orcs (D:3)
  3 bats
  3 endoplasms
  3 giant cockroaches
  4 goblins
  4 hobgoblins
  3 jackals (D:1)
  A quokka (D:1)
  3 ball pythons
  7 frilled lizards
  3 kobolds
  4 rats
42 creatures vanquished.

Notes
Turn   | Place    | Note
-------+----------+-------------------------------------------
     0 | D:1      | Fodor the Minotaur Fighter began the quest for the Orb.
     0 | D:1      | Reached XP level 1. HP: 19/19 MP: 0/0
   317 | D:1      | Reached XP level 2. HP: 16/27 MP: 1/1
  1245 | D:2      | Reached XP level 3. HP: 33/33 MP: 2/2
  3021 | D:3      | HP: 1/33 [orc priest/divine providence (13)]
  3022 | D:3      | Killed from afar by an orc priest

Illustrated notes

Levels and vault maps discovered:
D:1:      tarquinn_simple_flora_water_c, layout_loops_corners
D:2:      layout_basic, dreamdust_mushroom_princess
D:3:      layout_basic, hellmonk_ecumenical_altar_prayer_group, minivault_26,
          kennysheep_boxes

Skill      XL: |  1  2 |
---------------+-------+-----
Armour         | 4 |  4.7
Shields        | 4 |  4.3
Fighting       | |  3.9
Long Blades    | |  2.8
Dodging        | |  0.4

Action                     || total
---------------------------++-------
  Melee: Long sword        ||    92
         Headbutt          ||     9
 Armour: Scale mail        ||    40
         Chain mail        ||    23
  Dodge: Dodged            ||    60
  Block: Buckler           ||    25
